[ PARTIDA AOE2 · #477244482 ]
Team RMCumanos vs Georgians
[ ANÁLISIS DE REPETICIÓN · EXTRAÍDO DE LA PARTIDA GRABADA ]
Feudal
9:26
Castillos
—
Imperial
—
| APM promedio | 25.4 |
| APM pico | 51 |
| eAPM promedio | 14.6 |
| Aldeanos / militares | 57 / 27 |
Foco
⚔️ 23.3% · 🌾 76.7%
Archer ×16 · Spearman ×5 · Battering Ram ×3 · Scout Cavalry ×3
Feudal
10:44
Castillos
21:19
Imperial
—
| APM promedio | 17.1 |
| APM pico | 35 |
| eAPM promedio | 11.1 |
| Aldeanos / militares | 46 / 20 |
Foco
⚔️ 23.3% · 🌾 76.7%
Militia ×20
Feudal
9:03
Castillos
—
Imperial
—
| APM promedio | 19.8 |
| APM pico | 40 |
| eAPM promedio | 9.9 |
| Aldeanos / militares | 30 / 25 |
Foco
⚔️ 24.1% · 🌾 75.9%
Militia ×18 · Skirmisher ×7
Feudal
11:31
Castillos
—
Imperial
—
| APM promedio | 21.8 |
| APM pico | 40 |
| eAPM promedio | 13.0 |
| Aldeanos / militares | 80 / 21 |
Foco
⚔️ 25.7% · 🌾 74.3%
Battering Ram ×9 · Militia ×5 · Spearman ×5 · Scout Cavalry ×2
Mapa de la partida
Recursos iniciales + cada clic de construcción. Líneas = muros · curvas = relieve. ◆ oro · ⬟ piedra · ● bayas · ✦ reliquia · ◌ hueco del cierre
Tu base· Abierta — flanco sin cerrar
Base de keeperoftheden· ✓ Cerrada en 21:19 · 3t muro · 1 puerta(s)
Base de e_robbo· Abierta — flanco sin cerrar
Base de maxpayne· Abierta — flanco sin cerrar
Terreno inicial suavizado · ◌ = hueco del cierre detectado · pasá el cursor para detalles
Inputs por minuto
— zubizarreta - - keeperoftheden
Build order — zubizarreta
146 acciones detectadas en el replay
| 0:03 | Construir | House |
| 0:06 | Crear | Villager (Male) |
| 0:06 | Crear | Villager (Male) |
| 0:06 | Crear | Villager (Male) |
| 0:22 | Construir | House |
| 0:24 | Construir | House |
| 1:01 | Crear | Villager (Male) |
| 1:01 | Crear | Villager (Male) |
| 1:53 | Crear | Villager (Male) |
| 1:54 | Crear | Villager (Male) |
| 2:15 | Crear | Villager (Male) |
| 2:34 | Crear | Villager (Male) |
| 2:34 | Crear | Villager (Male) |
| 3:01 | Crear | Villager (Male) |
| 3:01 | Crear | Villager (Male) |
| 3:02 | Crear | Villager (Male) |
| 3:22 | Construir | Lumber Camp |
| 3:52 | Crear | Villager (Male) |
| 3:52 | Crear | Villager (Male) |
| 3:53 | Crear | Villager (Male) |
| 4:16 | Crear | Villager (Male) |
| 4:30 | Crear | Villager (Male) |
| 4:43 | Construir | House |
| 4:44 | Construir | House |
| 4:46 | Construir | House |
| 4:52 | Crear | Villager (Male) |
| 4:52 | Crear | Villager (Male) |
| 4:56 | Construir | House |
| 4:58 | Construir | House |
| 5:08 | Construir | Palisade Wall |
| 5:19 | Crear | Villager (Male) |
| 5:19 | Crear | Villager (Male) |
| 5:28 | Crear | Villager (Male) |
| 5:29 | Crear | Villager (Male) |
| 6:02 | Construir | Mill |
| 6:05 | Crear | Villager (Male) |
| 6:13 | Construir | House |
| 7:16 | Investigar | Feudal Age |
| 7:16 | Investigar | Feudal Age |
| 8:08 | Construir | Barracks |
| 8:20 | Crear | Villager (Male) |
| 8:20 | Crear | Villager (Male) |
| 8:40 | Construir | Lumber Camp |
| 9:21 | Crear | Villager (Male) |
| 9:21 | Crear | Villager (Male) |
| 9:26 | Edad | Edad Feudal |
| 9:26 | Investigar | Double-Bit Axe |
| 9:51 | Crear | Villager (Male) |
| 10:15 | Construir | Blacksmith |
| 10:25 | Crear | Villager (Male) |
| 10:36 | Crear | Spearman |
| 10:46 | Crear | Villager (Male) |
| 11:09 | Construir | Archery Range |
| 11:13 | Crear | Villager (Male) |
| 11:15 | Crear | Villager (Male) |
| 11:18 | Crear | Spearman |
| 11:52 | Construir | Siege Workshop |
| 12:17 | Crear | Archer |
| 12:26 | Crear | Battering Ram |
| 12:58 | Crear | Archer |
| 12:58 | Crear | Archer |
| 13:13 | Crear | Battering Ram |
| 13:19 | Crear | Archer |
| 13:28 | Construir | House |
| 13:56 | Crear | Battering Ram |
| 14:04 | Crear | Spearman |
| 14:04 | Crear | Spearman |
| 14:04 | Crear | Spearman |
| 14:09 | Construir | House |
| 14:25 | Crear | Archer |
| 14:25 | Crear | Archer |
| 15:10 | Crear | Archer |
| 15:10 | Crear | Archer |
| 15:15 | Crear | Villager (Male) |
| 15:15 | Crear | Villager (Male) |
| 15:16 | Crear | Villager (Male) |
| 15:16 | Crear | Villager (Male) |
| 15:16 | Crear | Villager (Male) |
| 15:17 | Crear | Villager (Male) |
| 15:43 | Construir | Farm |
| 15:43 | Construir | Farm |
| 15:44 | Construir | Farm |
| 15:44 | Construir | Farm |
| 15:44 | Construir | Farm |
| 15:44 | Construir | Farm |
| 15:45 | Construir | Farm |
| 15:45 | Construir | Farm |
| 15:45 | Construir | Farm |
| 15:48 | Investigar | Horse Collar |
| 15:50 | Crear | Villager (Male) |
| 15:50 | Crear | Villager (Male) |
| 15:54 | Construir | Town Center |
| 16:01 | Crear | Archer |
| 16:01 | Crear | Archer |
| 16:37 | Crear | Archer |
| 16:51 | Crear | Villager (Male) |
| 16:51 | Crear | Villager (Male) |
| 17:24 | Crear | Villager (Male) ×4 |
| 17:36 | Crear | Archer |
| 18:10 | Investigar | Loom |
| 18:25 | Construir | Farm |
| 18:25 | Construir | Farm |
| 18:25 | Construir | Farm |
| 18:25 | Construir | Farm |
| 18:26 | Construir | Farm |
| 18:26 | Construir | Farm |
| 18:26 | Construir | Farm |
| 18:26 | Construir | Farm |
| 18:26 | Construir | Farm |
| 18:27 | Construir | Farm |
| 18:27 | Construir | Farm |
| 18:35 | Crear | Villager (Male) ×3 |
| 19:14 | Crear | Villager (Male) ×2 |
| 20:03 | Investigar | Town Watch |
| 20:04 | Investigar | Wheelbarrow |
| 20:28 | Construir | Stable |
| 20:42 | Crear | Villager (Male) ×2 |
| 20:45 | Construir | Farm |
| 20:45 | Construir | Farm |
| 20:45 | Construir | Farm |
| 20:46 | Construir | Farm |
| 20:46 | Construir | Farm |
| 20:49 | Construir | House |
| 20:51 | Construir | House |
| 20:51 | Construir | House |
| 20:51 | Construir | House |
| 20:51 | Construir | House |
| 20:51 | Construir | House |
| 21:06 | Investigar | Man-at-Arms (upgrade) |
| 21:16 | Construir | Archery Range |
| 21:25 | Crear | Villager (Male) |
| 21:26 | Crear | Villager (Male) |
| 21:33 | Construir | Palisade Wall |
| 21:51 | Crear | Scout Cavalry |
| 21:57 | Construir | Stable |
| 22:15 | Crear | Archer |
| 22:15 | Crear | Archer |
| 22:34 | Construir | House |
| 22:35 | Construir | House |
| 22:35 | Construir | House |
| 22:36 | Construir | House |
| 22:53 | Crear | Scout Cavalry |
| 22:53 | Crear | Scout Cavalry |
| 23:17 | Crear | Archer |
| 23:18 | Crear | Archer |
| 23:22 | Construir | House |
Build order — keeperoftheden
129 acciones detectadas en el replay
| 0:01 | Crear | Villager (Male) |
| 0:02 | Crear | Villager (Male) |
| 0:02 | Crear | Villager (Male) |
| 0:05 | Construir | House |
| 0:07 | Construir | House |
| 0:13 | Construir | House |
| 0:15 | Investigar | Loom |
| 0:18 | Investigar | Loom |
| 0:19 | Crear | Villager (Male) |
| 0:19 | Crear | Villager (Male) |
| 0:20 | Crear | Villager (Male) |
| 0:20 | Crear | Villager (Male) |
| 0:20 | Crear | Villager (Male) |
| 2:10 | Crear | Villager (Male) |
| 2:10 | Crear | Villager (Male) |
| 2:34 | Crear | Villager (Male) |
| 3:14 | Crear | Villager (Male) |
| 3:14 | Crear | Villager (Male) |
| 3:23 | Construir | Mill |
| 3:38 | Crear | Villager (Male) |
| 3:38 | Crear | Villager (Male) |
| 4:09 | Crear | Villager (Male) |
| 4:42 | Construir | House |
| 4:52 | Construir | Barracks |
| 5:02 | Crear | Villager (Male) |
| 5:18 | Crear | Villager (Male) |
| 5:19 | Crear | Villager (Male) |
| 6:10 | Crear | Villager (Male) |
| 6:11 | Crear | Villager (Male) |
| 6:17 | Construir | House |
| 6:48 | Crear | Villager (Male) |
| 6:55 | Construir | House |
| 7:02 | Crear | Villager (Male) |
| 7:02 | Crear | Villager (Male) |
| 7:26 | Construir | Mule Cart |
| 7:36 | Construir | House |
| 7:38 | Construir | House |
| 7:47 | Crear | Militia |
| 7:48 | Crear | Militia |
| 8:34 | Investigar | Feudal Age |
| 8:40 | Construir | House |
| 9:20 | Crear | Villager (Male) |
| 9:21 | Crear | Villager (Male) |
| 9:27 | Crear | Militia |
| 9:43 | Construir | House |
| 9:47 | Construir | Palisade Wall |
| 10:11 | Crear | Villager (Male) |
| 10:11 | Crear | Villager (Male) |
| 10:44 | Edad | Edad Feudal |
| 10:47 | Investigar | Man-at-Arms (upgrade) |
| 10:52 | Construir | Blacksmith |
| 11:04 | Investigar | Double-Bit Axe |
| 11:30 | Construir | House |
| 12:02 | Crear | Villager (Male) |
| 12:02 | Crear | Villager (Male) |
| 12:02 | Crear | Villager (Male) |
| 12:15 | Construir | Market |
| 12:45 | Construir | Farm |
| 12:48 | Investigar | Horse Collar |
| 12:52 | Crear | Villager (Male) |
| 12:53 | Crear | Villager (Male) |
| 12:58 | Investigar | Scale Mail Armor |
| 12:59 | Investigar | Forging |
| 13:03 | Crear | Militia |
| 13:04 | Crear | Militia |
| 13:29 | Construir | Farm |
| 13:31 | Construir | Farm |
| 13:34 | Construir | Farm |
| 15:12 | Crear | Militia |
| 15:12 | Crear | Militia |
| 15:13 | Crear | Militia |
| 15:19 | Investigar | Arson |
| 15:27 | Construir | Palisade Gate |
| 15:29 | Construir | House |
| 15:30 | Construir | House |
| 15:33 | Crear | Villager (Male) |
| 15:33 | Crear | Villager (Male) |
| 15:35 | Construir | Farm |
| 16:01 | Crear | Militia |
| 16:02 | Crear | Militia |
| 16:13 | Construir | Farm |
| 16:13 | Construir | Farm |
| 16:14 | Construir | Farm |
| 16:14 | Construir | Farm |
| 16:42 | Crear | Militia |
| 16:43 | Crear | Militia |
| 16:50 | Crear | Villager (Male) |
| 16:51 | Crear | Villager (Male) |
| 16:54 | Construir | Farm |
| 16:54 | Construir | Farm |
| 16:54 | Construir | Farm |
| 16:55 | Construir | Farm |
| 17:12 | Crear | Militia |
| 17:35 | Construir | Mill |
| 17:36 | Construir | Farm |
| 17:37 | Construir | Farm |
| 17:37 | Construir | Farm |
| 17:37 | Construir | Farm |
| 17:50 | Construir | House |
| 18:39 | Investigar | Castle Age |
| 20:29 | Crear | Militia |
| 20:29 | Crear | Militia |
| 20:29 | Crear | Militia |
| 20:30 | Crear | Militia |
| 20:30 | Crear | Militia |
| 21:13 | Construir | Barracks |
| 21:14 | Construir | Barracks |
| 21:19 | Edad | Edad de los Castillos |
| 21:23 | Investigar | Chain Mail Armor |
| 21:24 | Investigar | Iron Casting |
| 21:27 | Investigar | Long Swordsman (upgrade) |
| 21:51 | Construir | Town Center |
| 21:58 | Crear | Villager (Male) |
| 21:59 | Crear | Villager (Male) |
| 22:28 | Investigar | Squires |
| 22:35 | Crear | Villager (Male) |
| 22:35 | Crear | Villager (Male) |
| 22:45 | Construir | Farm |
| 22:45 | Construir | Farm |
| 22:51 | Investigar | Heavy Plow |
| 23:12 | Investigar | Gambesons |
| 23:13 | Crear | Militia |
| 23:13 | Crear | Militia |
| 23:34 | Construir | Farm |
| 23:36 | Crear | Villager (Male) |
| 23:37 | Crear | Villager (Male) |
| 23:57 | Crear | Villager (Male) |
| 23:57 | Crear | Villager (Male) |
| 23:58 | Crear | Villager (Male) |
Build order — e_robbo
93 acciones detectadas en el replay
| 0:06 | Investigar | Loom |
| 0:06 | Crear | Villager (Male) |
| 0:07 | Crear | Villager (Male) |
| 0:07 | Crear | Villager (Male) |
| 0:07 | Crear | Villager (Male) |
| 0:07 | Crear | Villager (Male) |
| 0:21 | Construir | House |
| 0:22 | Construir | House |
| 0:24 | Construir | House |
| 1:23 | Crear | Villager (Male) |
| 1:24 | Crear | Villager (Male) |
| 1:58 | Construir | Mill |
| 3:20 | Construir | Lumber Camp |
| 3:28 | Crear | Villager (Male) |
| 3:29 | Crear | Villager (Male) |
| 3:29 | Crear | Villager (Male) |
| 3:29 | Crear | Villager (Male) |
| 3:29 | Crear | Villager (Male) |
| 3:30 | Crear | Villager (Male) |
| 3:30 | Crear | Villager (Male) |
| 5:10 | Crear | Villager (Male) |
| 5:10 | Crear | Villager (Male) |
| 5:11 | Crear | Villager (Male) |
| 6:33 | Construir | House |
| 6:48 | Investigar | Feudal Age |
| 6:53 | Investigar | Feudal Age |
| 7:47 | Crear | Villager (Male) |
| 7:48 | Crear | Villager (Male) |
| 9:03 | Edad | Edad Feudal |
| 9:11 | Construir | Blacksmith |
| 10:09 | Construir | Mining Camp |
| 10:16 | Crear | Villager (Male) |
| 10:17 | Crear | Villager (Male) |
| 10:20 | Crear | Villager (Male) |
| 10:58 | Construir | Market |
| 11:14 | Construir | House |
| 11:16 | Construir | House |
| 11:38 | Investigar | Wheelbarrow |
| 12:45 | Construir | Watch Tower |
| 14:15 | Crear | Villager (Male) |
| 14:15 | Crear | Villager (Male) |
| 14:16 | Crear | Villager (Male) |
| 14:16 | Crear | Villager (Male) |
| 14:16 | Crear | Villager (Male) |
| 14:17 | Crear | Villager (Male) |
| 14:28 | Construir | House |
| 14:29 | Construir | House |
| 14:31 | Construir | House |
| 14:56 | Construir | Barracks |
| 15:20 | Investigar | Man-at-Arms (upgrade) |
| 15:24 | Investigar | Arson |
| 15:33 | Crear | Militia |
| 15:33 | Crear | Militia |
| 15:34 | Crear | Militia |
| 15:37 | Crear | Militia |
| 16:00 | Crear | Villager (Male) |
| 16:00 | Crear | Villager (Male) |
| 17:00 | Construir | Farm |
| 17:01 | Construir | Farm |
| 17:01 | Construir | Farm |
| 17:24 | Investigar | Forging |
| 17:46 | Investigar | Scale Mail Armor |
| 17:53 | Construir | Farm |
| 17:54 | Construir | Farm |
| 17:59 | Construir | Farm |
| 18:10 | Construir | Mill |
| 18:12 | Crear | Militia |
| 18:12 | Crear | Militia |
| 18:13 | Crear | Militia |
| 18:13 | Crear | Militia |
| 18:14 | Crear | Militia |
| 18:14 | Crear | Militia |
| 18:38 | Investigar | Horse Collar |
| 19:12 | Construir | Archery Range |
| 19:34 | Investigar | Double-Bit Axe |
| 19:39 | Crear | Militia |
| 19:39 | Crear | Militia |
| 20:03 | Construir | House |
| 20:04 | Construir | House |
| 20:06 | Construir | House |
| 20:28 | Crear | Skirmisher |
| 20:29 | Crear | Skirmisher |
| 20:29 | Crear | Skirmisher |
| 20:29 | Crear | Skirmisher |
| 20:30 | Crear | Skirmisher |
| 20:31 | Crear | Skirmisher |
| 20:31 | Crear | Skirmisher |
| 23:34 | Crear | Militia |
| 23:34 | Crear | Militia |
| 23:34 | Crear | Militia |
| 23:35 | Crear | Militia |
| 23:35 | Crear | Militia |
| 23:35 | Crear | Militia |
Build order — maxpayne
143 acciones detectadas en el replay
| 0:03 | Crear | Villager (Male) |
| 0:03 | Crear | Villager (Male) |
| 0:03 | Crear | Villager (Male) |
| 0:03 | Crear | Villager (Male) |
| 0:04 | Crear | Villager (Male) |
| 0:16 | Construir | House |
| 0:17 | Construir | House |
| 1:27 | Crear | Villager (Male) |
| 1:27 | Crear | Villager (Male) |
| 1:27 | Crear | Villager (Male) |
| 2:20 | Crear | Villager (Male) |
| 2:20 | Crear | Villager (Male) |
| 2:57 | Crear | Villager (Male) |
| 2:57 | Crear | Villager (Male) |
| 2:57 | Crear | Villager (Male) |
| 2:58 | Crear | Villager (Male) |
| 3:26 | Crear | Villager (Male) |
| 3:48 | Crear | Villager (Male) |
| 3:49 | Crear | Villager (Male) |
| 3:49 | Crear | Villager (Male) |
| 4:07 | Crear | Villager (Male) |
| 4:08 | Crear | Villager (Male) |
| 4:08 | Crear | Villager (Male) |
| 4:08 | Crear | Villager (Male) |
| 4:13 | Construir | House |
| 4:30 | Crear | Villager (Male) |
| 4:30 | Crear | Villager (Male) |
| 4:42 | Crear | Villager (Male) |
| 4:42 | Crear | Villager (Male) |
| 4:43 | Crear | Villager (Male) |
| 5:09 | Crear | Villager (Male) |
| 5:10 | Crear | Villager (Male) |
| 5:10 | Crear | Villager (Male) |
| 6:24 | Construir | House |
| 6:34 | Crear | Villager (Male) |
| 6:34 | Crear | Villager (Male) |
| 6:35 | Crear | Villager (Male) |
| 7:16 | Construir | Lumber Camp |
| 7:57 | Crear | Villager (Male) |
| 7:57 | Crear | Villager (Male) |
| 7:57 | Crear | Villager (Male) |
| 7:58 | Crear | Villager (Male) |
| 8:05 | Crear | Villager (Male) |
| 8:06 | Crear | Villager (Male) |
| 8:06 | Crear | Villager (Male) |
| 8:06 | Crear | Villager (Male) |
| 8:06 | Crear | Villager (Male) |
| 8:42 | Construir | Mill |
| 8:55 | Construir | House |
| 9:12 | Investigar | Feudal Age |
| 9:13 | Investigar | Feudal Age |
| 9:13 | Investigar | Feudal Age |
| 9:26 | Construir | House |
| 9:53 | Construir | Mining Camp |
| 10:27 | Crear | Villager (Male) |
| 10:27 | Crear | Villager (Male) |
| 10:28 | Crear | Villager (Male) |
| 10:28 | Crear | Villager (Male) |
| 10:28 | Crear | Villager (Male) |
| 10:28 | Crear | Villager (Male) |
| 10:42 | Construir | House |
| 10:55 | Investigar | Loom |
| 11:00 | Crear | Villager (Male) |
| 11:00 | Crear | Villager (Male) |
| 11:00 | Crear | Villager (Male) |
| 11:00 | Crear | Villager (Male) |
| 11:01 | Crear | Villager (Male) |
| 11:01 | Crear | Villager (Male) |
| 11:20 | Construir | Barracks |
| 11:31 | Edad | Edad Feudal |
| 11:36 | Construir | Blacksmith |
| 12:16 | Construir | Watch Tower |
| 12:31 | Construir | Siege Workshop |
| 12:35 | Crear | Spearman |
| 12:35 | Crear | Spearman |
| 12:35 | Crear | Spearman |
| 12:36 | Crear | Spearman |
| 13:05 | Crear | Villager (Male) |
| 13:05 | Crear | Villager (Male) |
| 13:06 | Crear | Villager (Male) |
| 13:49 | Crear | Villager (Male) |
| 13:50 | Crear | Villager (Male) |
| 13:50 | Crear | Villager (Male) |
| 13:50 | Crear | Villager (Male) |
| 13:56 | Construir | House |
| 14:08 | Crear | Villager (Male) |
| 14:08 | Crear | Villager (Male) |
| 14:40 | Crear | Villager (Male) |
| 14:49 | Crear | Battering Ram |
| 14:49 | Crear | Battering Ram |
| 14:50 | Crear | Battering Ram |
| 15:02 | Construir | House |
| 15:10 | Construir | Stable |
| 15:19 | Crear | Villager (Male) |
| 15:42 | Crear | Battering Ram |
| 15:42 | Crear | Battering Ram |
| 16:10 | Construir | House |
| 16:19 | Crear | Scout Cavalry |
| 16:19 | Crear | Scout Cavalry |
| 16:40 | Construir | House |
| 17:00 | Crear | Battering Ram |
| 17:01 | Crear | Battering Ram |
| 17:01 | Crear | Battering Ram |
| 17:01 | Crear | Battering Ram |
| 17:16 | Investigar | Man-at-Arms (upgrade) |
| 17:16 | Investigar | Man-at-Arms (upgrade) |
| 17:16 | Investigar | Man-at-Arms (upgrade) |
| 17:48 | Crear | Militia |
| 17:48 | Crear | Militia |
| 18:03 | Crear | Militia |
| 18:04 | Crear | Militia |
| 18:04 | Crear | Militia |
| 18:47 | Crear | Spearman |
| 19:28 | Construir | Farm |
| 19:28 | Construir | Farm |
| 19:28 | Construir | Farm |
| 19:28 | Construir | Farm |
| 19:29 | Construir | Farm |
| 19:29 | Construir | Farm |
| 19:29 | Construir | Farm |
| 21:26 | Crear | Villager (Male) |
| 21:26 | Crear | Villager (Male) |
| 21:26 | Crear | Villager (Male) |
| 21:26 | Crear | Villager (Male) |
| 21:27 | Crear | Villager (Male) |
| 21:27 | Crear | Villager (Male) |
| 21:27 | Crear | Villager (Male) |
| 21:27 | Crear | Villager (Male) |
| 22:16 | Construir | Farm |
| 22:16 | Construir | Farm |
| 22:16 | Construir | Farm |
| 22:17 | Construir | Farm |
| 22:17 | Construir | Farm |
| 22:26 | Crear | Villager (Male) |
| 22:26 | Crear | Villager (Male) |
| 22:26 | Crear | Villager (Male) |
| 22:26 | Crear | Villager (Male) |
| 22:57 | Construir | Palisade Wall |
| 23:03 | Construir | Palisade Wall |
| 23:25 | Construir | Palisade Wall |
| 23:31 | Crear | Villager (Male) |
| 23:32 | Crear | Villager (Male) |
| 23:32 | Crear | Villager (Male) |
Cronología de la partida
| 4:52 | keeperoftheden · first_building Barracks |
| 5:08 | zubizarreta · wall_segment Palisade Wall x1 |
| 8:08 | zubizarreta · first_building Barracks |
| 9:03 | e_robbo · age_up feudal |
| 9:26 | zubizarreta · age_up feudal |
| 9:47 | keeperoftheden · wall_segment Palisade Wall x3 |
| 10:44 | keeperoftheden · age_up feudal |
| 11:09 | zubizarreta · first_building Archery Range |
| 11:20 | maxpayne · first_building Barracks |
| 11:31 | maxpayne · age_up feudal |
| 11:52 | zubizarreta · first_building Siege Workshop |
| 12:31 | maxpayne · first_building Siege Workshop |
| 14:56 | e_robbo · first_building Barracks |
| 15:10 | maxpayne · first_building Stable |
| 19:12 | e_robbo · first_building Archery Range |
| 20:28 | zubizarreta · first_building Stable |
| 21:19 | keeperoftheden · age_up castle |
| 21:33 | zubizarreta · wall_segment Palisade Wall x4 |
| 22:57 | maxpayne · wall_segment Palisade Wall x13 |
| 23:03 | maxpayne · wall_segment Palisade Wall x1 |
| 23:25 | maxpayne · wall_segment Palisade Wall x34 |
| 23:59 | maxpayne · resign |
[ ANÁLISIS IA · 1 CRÉDITO ]
¿Qué pasó realmente en esta partida?
Wolo.gg analiza cada decisión: build order, eco, micro, errores típicos por bracket. Análisis personalizado por WhatsApp o Discord en 30 segundos.
Guía civ
Cumanos
Guía mapa
MegaRandom
Perfil
Jugador #5193826